 Dungeon Crawl Stone Soup version 0.23.2-33-g5129a83184 (webtiles) character file.

Game seed: 17714455507289865761

269 Folque the Digger (level 6, -5/48 HPs)
             Began as a Draconian Earth Elementalist on June 26, 2019.
             Killed from afar by a skeletal bat (36 damage)
             ... with an exploding inner flame
             ... hexed by the player character
             ... on level 4 of the Dungeon.
             The game lasted 00:09:18 (2680 turns).

Folque the Digger (Draconian Earth Elementalist)    Turns: 2680, Time: 00:09:19

Health: -5/48      AC:  7    Str: 11    XL:     6   Next: 1%
Magic:  0/12       EV: 12    Int: 17    God:
Gold:   164        SH:  2    Dex: 11    Spells: 2/13 levels left

rFire    . . .     SeeInvis .   a - +0 dagger
rCold    . . .     Gourm    .   (no shield)
rNeg     . . .     Faith    .   (armour unavailable)
rPois    .         Spirit   .   (helmet restricted)
rElec    .         Reflect  +   (no cloak)
rCorr    .         Harm     .   (no gloves)
MR       .....                  m - +0 pair of boots {run}
Stlth    ++........             o - +2 amulet of reflection
HPRegen  0.16/turn              (no ring)
MPRegen  0.13/turn              (no ring)

@: about to teleport, quick
A: unfitting armour, cold-blooded, AC +6
a: no special abilities


You were on level 4 of the Dungeon.
You were near starving.

You visited 1 branch of the dungeon, and saw 4 of its levels.

You collected 164 gold pieces.

Inventory:

Hand Weapons
 a - a +0 dagger (weapon)
 u - a +1 dagger of speed
Missiles
 b - 157 stones (quivered)
 k - 3 tomahawks
Armour
 m - a +0 pair of boots of running (worn)
Jewellery
 j - an uncursed ring of fire {unknown}
 o - a +2 amulet of reflection (around neck)
 r - a +3 amulet of reflection
 t - the ring "Sicass" {*Slow +Inv rF+++ MR+ Stlth+}
   (You found it on level 4 of the Dungeon)

   [ring of stealth]

   It renders you almost immune to fire.
   It affects your resistance to hostile enchantments.
   It lets you turn invisible.
   It may slow you when you take damage.
   It makes you more stealthy.
Scrolls
 g - a scroll of identify
 h - a scroll of immolation
 n - a scroll of amnesia
 p - a scroll of teleportation
 s - a scroll of blinking {unknown}
Potions
 e - a potion of brilliance {unknown}
 f - 5 potions of heal wounds {unknown}
 i - a potion of curing {unknown}
 l - a potion of ambrosia {unknown}
 q - a potion of magic {unknown}
 v - a potion of might {unknown}
Comestibles
 c - 7 rations


   Skills:
 - Level 2.3 Fighting
 - Level 1.7 Dodging
 - Level 1.7 Stealth
 + Level 4.0 Spellcasting
 - Level 2.0 Conjurations
 - Level 1.0 Transmutations
 * Level 4.3 Earth Magic


You had 2 spell levels left.
You knew the following spells:

 Your Spells              Type           Power        Failure   Level  Hunger
a - Sandblast             Erth           ###...       2%          1    None
b - Passwall              Tmut/Erth      ##......     8%          2    ##.....
c - Stone Arrow           Conj/Erth      ##....       13%         3    ###....
d - Lee's Rapid Deconstr  Erth           ###.......   58%         5    ######.

Your spell library contained the following spells:

 Spells                   Type           Power        Failure   Level  Hunger
 Petrify                  Tmut/Erth      ##......     45%         4    ####...


Dungeon Overview and Level Annotations

Branches:
Dungeon (4/15)
 Temple: D:4-7

Altars:
Hepliaklqana
Nemelex Xobeh


Innate Abilities, Weirdness & Mutations

Your plain brown scales are hard. (AC +6)
You cannot fit into any form of body armour.
You are cold-blooded and may be slowed by cold attacks.


Message History

The fire bat closely misses you.
The phase bat blinks!
The microbat misses you. The skeletal bat barely misses you.
The fire bat bites you but does no damage.
The skeletal bat hits you but does no damage.
Okay, then.
Casting: Stone Arrow (safe; 13% risk of failure)
Confirm with . or Enter, or press ? or * to list all spells.
Aiming: Stone Arrow (safe; 13% risk of failure)
Press: ? - help, Shift-Dir - straight line, f/p - orc warrior
Aim: an orc warrior, wielding a +0 short sword and wearing a cursed -2 plate armour (blue smoke, moderately wounded, inner flame)
The stone arrow hits the microbat!
The microbat explodes!
The fiery explosion engulfs you!
The fiery explosion engulfs the microbat!!
The microbat explodes!
The fiery explosion engulfs the skeletal bat!
The skeletal bat explodes!
The fiery explosion engulfs you!!!
Ouch! That really hurt!
You die...

# #.# #.s######
## ##o# ..#
#..# b# #.# #.#
#..### .# ###{#
.. #[###.b
.##.##.# ###
... #.#.##.#
§.b ###s.###.#
#b#
###....##..#
#b##oo###..{###
#@§§## #####
##§## #Z§.#
##..Z.# #....#
#..#.b ### #


You could see an orc warrior (inner flame), 3 fire bats, a phase bat (inner
flame) and a skeletal bat (inner flame).

Vanquished Creatures
  A howler monkey (D:4)
  A bullfrog skeleton (D:4)
  A hound (D:3)
  2 worker ants (D:4)
  5 adders
  An ooze (D:2)
  An adder skeleton (D:4)
  2 worms
  4 dart slugs
  A leopard gecko (D:4)
  4 orcs
  A ball python (D:4)
  6 bats
  2 giant cockroaches (D:3)
  5 goblins
  3 hobgoblins (D:3)
  5 jackals
  2 quokkas
  4 frilled lizards
  7 kobolds
  6 rats
64 creatures vanquished.

Vanquished Creatures (others)
  A plant (D:4)
1 creature vanquished.

Grand Total: 65 creatures vanquished

Notes
Turn   | Place    | Note
-------+----------+-------------------------------------------
     0 | D:1      | Folque the Draconian Earth Elementalist began the quest for
                  | the Orb.
     0 | D:1      | Reached XP level 1. HP: 14/14 MP: 3/3
    49 | D:1      | Reached skill level 1 in Fighting
   302 | D:1      | Reached XP level 2. HP: 23/23 MP: 3/5
   572 | D:2      | Learned a level 2 spell: Passwall
   703 | D:2      | Reached XP level 3. HP: 29/29 MP: 6/6
   965 | D:2      | Found a sparkling altar of Nemelex Xobeh.
  1121 | D:2      | Learned a level 3 spell: Stone Arrow
  1251 | D:3      | Reached skill level 1 in Conjurations
  1251 | D:3      | Reached XP level 4. HP: 26/36 MP: 0/8
  1332 | D:3      | Identified a +0 pair of boots of running (You found it on
                  | level 3 of the Dungeon)
  2067 | D:4      | Reached XP level 5. HP: 41/41 MP: 0/9
  2285 | D:4      | Got a bound marble ring
  2289 | D:4      | Identified the ring "Sicass" {*Slow +Inv rF+++ MR+ Stlth+}
                  | (You found it on level 4 of the Dungeon)
  2383 | D:4      | Learned a level 5 spell: Lee's Rapid Deconstruction
  2546 | D:4      | Reached XP level 6. HP: 36/48 MP: 5/12
  2560 | D:4      | Found a hazy altar of Hepliaklqana.
  2616 | D:4      | Noticed an orc warrior
  2680 | D:4      | Killed from afar by a skeletal bat

Skill      XL: |  1  2  3  4  5 |
---------------+----------------+-----
Fighting       | 1 2 |  2.3
Conjurations   | 1 2 |  2.0
Spellcasting   | 3 4 |  4.0
Earth Magic    | 4 |  4.3
Dodging        | |  1.7
Stealth        | |  1.7
Transmutations | |  1.0

Action                   |  1- 3 |  4- 6 || total
-------------------------+-------+-------++-------
Melee: Unarmed           |    10 |       ||    10
       Dagger            |    65 |   132 ||   197
       Tailslap          |     5 |    19 ||    24
 Cast: Sandblast         |    18 |    19 ||    37
       Stone Arrow       |     2 |    13 ||    15
  Use: Scroll            |       |     7 ||     7
 Stab: Sleeping          |     4 |     2 ||     6
  Eat: Chunk             |     1 |     5 ||     6
Armor: Skin              |    54 |    46 ||   100
Dodge: Dodged            |    58 |    92 ||   150
Block: Other             |       |    12 ||    12
